 Dungeon Crawl Stone Soup version 0.32-a0-640-gc5db3fc80f (webtiles) character file.

Game seed: 3606578642975419861

1824 funkygono the Thaumaturge (level 8, -8/42 HPs)
             Began as a Deep Elf Fire Elementalist on Mar 7, 2024.
             Mangled by an orc warrior
             ... wielding a +0 trident
              (16 damage)
             ... on level 6 of the Dungeon.
             The game lasted 00:08:20 (5757 turns).

funkygono the Thaumaturge (DEFE)                    Turns: 5757, Time: 00:08:21

Health: -8/42      AC:  2    Str:  5    XL:     8   Next: 86%
Magic:  7/23       EV: 13    Int: 23    God:
Gold:   218        SH:  0    Dex: 15    Spells: 18/26 levels left

rFire   . . .        g - +4 dagger
rCold   . . .        (no shield)
rNeg    . . .        a - +0 robe
rPois   .            (no helmet)
rElec   .            (no cloak)
rCorr   .            (no gloves)
SInv    .            (no boots)
Will    .....        (no amulet)
Stlth   ++           (no ring)
HPRegen 0.27/turn    (no ring)
MPRegen 0.18/turn

%: no passive effects
@: no status effects
A: no striking features
a: no special abilities


You were on level 6 of the Dungeon.
You visited 1 branch of the dungeon, and saw 6 of its levels.

You collected 218 gold pieces.

Inventory:

Hand Weapons
 g - a +4 dagger (weapon)
Armour
 a - a +0 robe (worn)
 v - a +3 leather armour of fire resistance
Jewellery
 p - a ring of wizardry
 q - the amulet of Harye {Spirit *Corrode rF+ Dex+4}
   (You found it on level 5 of the Dungeon)

   [amulet of guardian spirit]

   Spirit:    It causes incoming damage to be divided between your reserves of
   health and magic.
   Dex+4:     It affects your dexterity (+4).
   rF+:       It protects you from fire.
   *Corrode:  It may corrode you when you take damage.
 s - a ring of positive energy
Wands
 o - a wand of polymorph (4)
Scrolls
 d - a scroll of amnesia {unknown}
 i - a scroll of noise {unknown}
 j - 7 scrolls of identify {unknown}
 m - 4 scrolls of immolation {unknown}
 r - 2 scrolls of teleportation {unknown}
 t - a scroll of enchant armour {unknown}
Potions
 b - a potion of magic
 c - 3 potions of lignification {unknown}
 e - 2 potions of degeneration {unknown}
 f - 2 potions of brilliance {unknown}
 h - 2 potions of attraction {unknown}
 k - a potion of curing {unknown}
 l - 3 potions of heal wounds
 n - 2 potions of mutation {unknown}
 u - a potion of haste {unknown}


   Skills:
 + Level 0.7 Fighting
 + Level 1.0 Short Blades
 + Level 3.3 Dodging
 + Level 3.3 Stealth
 + Level 9.7 Spellcasting
 + Level 5.2 Conjurations
 + Level 8.3 Fire Magic


You had 18 spell levels left.
You knew the following spells:

 Your Spells              Type           Power      Damage    Failure   Level
a - Foxfire               Conj/Fire      100%       2x1d9     1%          1
b - Scorch                Fire           98%        2d9       1%          2
c - Flame Wave            Conj/Fire      42%        2d11      3%          4
d - Shock                 Conj/Air       92%        1d8       1%          1

Your spell library contained the following spells:

 Spells                   Type           Power      Damage    Failure   Level
 Inner Flame              Hex/Fire       30%        N/A       3%          3
 Volatile Blastmotes      Fire/Tloc      60%        2d15      3%          3
 Swiftness                Air            11%        N/A       17%         3
 Airstrike                Air            5%         2d(1-17)  50%         4


Dungeon Overview and Level Annotations

Branches:
Dungeon (6/15)
 Temple: D:4-7

Altars:
Gozag
Hepliaklqana
Nemelex Xobeh
Ru
Vehumet
Yredelemnul
Zin


Message History

Flames lash the orc warrior.
The orc warrior is heavily wounded.
The orc warrior's fire resistance burns away.
The orc priest invokes the aid of Beogh against you.
Beogh smites you!
* * * LOW HITPOINT WARNING * * *
It was a potion of heal wounds.
You feel much better.
Casting: Scorch (safe; 1% risk of failure)
Confirm with . or Enter, or press ? or * to list all spells.
You conjure some foxfire!
The orc warrior closely misses you.
Casting: Foxfire (safe; 1% risk of failure)
Confirm with . or Enter, or press ? or * to list all spells.
Flames lash the orc warrior.
The orc warrior is burned terribly!
The orc warrior is severely wounded.
The foxfire hits the orc priest but does no damage.
The orc priest is almost dead.
The foxfire hits the orc warrior but does no damage.
The orc warrior is severely wounded.
The orc priest hits you with a +0 club.
The orc warrior hits you from afar with a +0 trident.
Casting: Scorch (safe; 1% risk of failure)
Confirm with . or Enter, or press ? or * to list all spells.
You conjure some foxfire!
The orc priest invokes the aid of Beogh against you.
Pain shoots through your body! The orc warrior closely misses you.
Casting: Foxfire (safe; 1% risk of failure)
Confirm with . or Enter, or press ? or * to list all spells.
Flames lash the orc priest.
You kill the orc priest!
The foxfire hits the orc warrior.
The orc warrior is severely wounded.
The foxfire hits the orc warrior but does no damage.
The orc warrior is severely wounded.
The orc warrior hits you from afar with a +0 trident!
* * * LOW HITPOINT WARNING * * *
Casting: Scorch (safe; 1% risk of failure)
Confirm with . or Enter, or press ? or * to list all spells.
You conjure some foxfire!
The orc warrior hits you from afar with a +0 trident!
You die...

# ..# .# ..#.# .. ..# #.#.##.#
...+ #.# . #.#.##.## ####.o..#
#.# .. #.#.##.##.#..).# #.#
#..###.#.##.##.#v##.# #.#
#.....#.##.##.ยง@)o.#.# #.#
#....##.####v####.# #.#
######......# #.# #.# ######.#
.....#.#.##.####.# #.# #.......
.......#.........# #.# #.##...#
...............### #.# ##.....##
...............# #.###....#.#
....@..........### #......#.#.#
.................####.####.#.#.#


You could see an orc warrior (combustible, ally target).

Vanquished Creatures
  Pikel (D:6)
  Eustachio (D:6)
  A steam dragon (D:6)
  A black bear (D:4)
  3 centaurs
  An ogre (D:6)
  A lemure (D:6)
  A scorpion (D:5)
  A crimson imp (D:5)
  A bombardier beetle (D:3)
  A jelly (D:6)
  A gnoll bouda (D:5)
  A hound (D:4)
  2 orc priests (D:6)
  4 iguanas
  3 orc wizards
  5 gnolls (D:5)
  8 adders
  A white imp (D:5)
  2 ufetubi (D:4)
  A dart slug (D:3)
  A ribbon worm (D:2)
  7 orcs
  3 bats
  9 endoplasms
  7 giant cockroaches
  6 goblins
  4 hobgoblins
  8 jackals
  6 quokkas
  5 ball pythons
  11 frilled lizards
  8 kobolds
  8 rats
124 creatures vanquished.

Vanquished Creatures (others)
  353 foxfires
353 creatures vanquished.

Grand Total: 477 creatures vanquished

Notes
Turn   | Place    | Note
-------+----------+-------------------------------------------
     0 | D:1      | funkygono the Deep Elf Fire Elementalist began the quest
                  | for the Orb.
     0 | D:1      | Reached XP level 1. HP: 10/10 MP: 6/6
   198 | D:1      | Reached XP level 2. HP: 15/15 MP: 5/8
   202 | D:1      | Learned a level 2 spell: Scorch
   835 | D:2      | Reached XP level 3. HP: 19/19 MP: 6/9
  1767 | D:3      | Found a basalt altar of Yredelemnul.
  1783 | D:3      | Reached XP level 4. HP: 24/24 MP: 7/11
  2103 | D:3      | Reached skill level 4 in Spellcasting
  2996 | D:4      | Found a sacrificial altar of Ru.
  3099 | D:4      | Found a radiant altar of Vehumet.
  3156 | D:4      | Reached XP level 5. HP: 28/28 MP: 11/14
  3314 | D:4      | Reached skill level 5 in Spellcasting
  3577 | D:4      | Reached skill level 5 in Fire Magic
  3662 | D:4      | Found a glowing silver altar of Zin.
  3769 | D:4      | Noticed a black bear
  3774 | D:4      | Killed a black bear
  3775 | D:4      | Reached skill level 6 in Spellcasting
  3775 | D:4      | Reached XP level 6. HP: 32/32 MP: 12/17
  3838 | D:5      | Entered Level 5 of the Dungeon
  3924 | D:5      | Found a hazy altar of Hepliaklqana.
  4098 | D:5      | Reached XP level 7. HP: 27/36 MP: 19/19
  4103 | D:5      | Learned a level 4 spell: Flame Wave
  4105 | D:5      | Learned a level 1 spell: Shock
  4203 | D:5      | Identified the amulet of Harye {Spirit *Corrode rF+ Dex+4}
  4306 | D:5      | Reached skill level 7 in Spellcasting
  4651 | D:5      | Found a sparkling altar of Nemelex Xobeh.
  4745 | D:5      | Reached skill level 1 in Short Blades
  4797 | D:5      | Found an opulent altar of Gozag.
  5335 | D:6      | Noticed a steam dragon
  5344 | D:6      | Killed a steam dragon
  5345 | D:6      | Reached skill level 8 in Spellcasting
  5442 | D:6      | Reached XP level 8. HP: 42/42 MP: 17/22
  5491 | D:6      | Noticed Pikel
  5504 | D:6      | Killed Pikel
  5505 | D:6      | Reached skill level 9 in Spellcasting
  5522 | D:6      | Reached skill level 5 in Conjurations
  5528 | D:6      | Noticed Eustachio
  5691 | D:6      | Killed Eustachio
  5757 | D:6      | Mangled by an orc warrior

Illustrated notes

Levels and vault maps discovered:
D:1:      dpeg_arrival_tiny_j, layout_rooms
D:2:      layout_loops_ring
D:3:      layout_loops_ring, nicolae_overflow_crystal_walls, minmay_lizard_king
D:4:      layout_basic, mainiacjoe_overflow_catwalk, mainiacjoe_overflow_paths,
          zin_statuary, corner_web_ring
D:5:      layout_basic, nicolae_gozag_cash_rules_everything_around_me,
          mainiacjoe_overflow_catwalk_spiral, minmay_misc_feat_pillars,
          dk_noncrumbling_2, minmay_fire_ice_demons
D:6:      layout_basic, minmay_temple_entry_hall, st_stairs_9, uniq_eustachio,
          uniq_pikel, uniq_crazy_yiuf_cottage

Skill      XL: |  1  2  3  4  5  6  7  8 |
---------------+-------------------------+-----
Fire Magic     | 4 5 6 8 |  8.3
Spellcasting   | 4 6 8 9 |  9.7
Conjurations   | 2 3 4 5 |  5.2
Stealth        | 3 |  3.3
Dodging        | 3 |  3.3
Short Blades   | 1 |  1.0
Fighting       | |  0.7

Action                     |  1- 3 |  4- 6 |  7- 9 || total
---------------------------+-------+-------+-------++-------
  Melee: Dagger            |     1 |    40 |       ||    41
   Cast: Foxfire           |    63 |    62 |    84 ||   209
         Scorch            |     7 |    24 |    26 ||    57
         Shock             |       |       |     1 ||     1
    Use: Potion            |       |       |     1 ||     1
 Armour: Robe              |     2 |    27 |    36 ||    65
  Dodge: Dodged            |     4 |    31 |    47 ||    82

Table legend: (Time is in decaauts)
 A = Elapsed time spent in this place.
 B = Non-inter-level travel time spent in this place.
 C = Inter-level travel time spent in this place.
 D = Time resting spent in this place.
 E = Time spent auto-exploring this place.
 F = Levels seen in this place.
 G = Mean time per level.
                   A        B        C        D        E       F      G
               +--------+--------+--------+--------+--------+-----+--------+
         Total |   5755 |   5581 |    174 |    121 |   4643 |   6 |  959.2 |
       Dungeon |   5755 |   5581 |    174 |    121 |   4643 |   6 |  959.2 |
               +--------+--------+--------+--------+--------+-----+--------+

Top non-repeatable levels by time:
     D:5: 1408 daAuts
     D:3: 1224 daAuts
     D:2: 1043 daAuts
     D:4: 873 daAuts
     D:1: 694 daAuts
     D:6: 511 daAuts
